 Dungeon Crawl Stone Soup version 0.24.0-13-gcf9b319 (webtiles) character file.

Game seed: 10264223758305167998, levelgen mode: deterministic

60 CabbageHands the Chopper (level 4, -1/35 HPs)
             Began as a Formicid Abyssal Knight on Apr 28, 2020.
             Was a Follower of Lugonu.
             Slain by Natasha (9 damage)
             ... on level 2 of the Dungeon.
             The game lasted 00:04:02 (1316 turns).

CabbageHands the Chopper (Formicid Abyssal Knight)  Turns: 1316, Time: 00:04:02

Health: -1/35      AC:  3    Str: 20    XL:     4   Next: 25%
Magic:  6/6        EV: 11    Int: 17    God:    Lugonu [*.....]
Gold:   71         SH:  0    Dex: 11    Spells: 3/3 levels left

rFire    . . .     SeeInvis +   a - +1 hand axe
rCold    . . .     Gourm    .   (no shield)
rNeg     . . .     Faith    .   b - +0 leather armour
rPois    .         Spirit   .   (helmet unavailable)
rElec    .         Reflect  .   (no cloak)
rCorr    .         Harm     .   (no gloves)
MR       .....                  (no boots)
Stlth    +.........             (no amulet)
HPRegen  0.11/turn              f - +4 ring of strength
MPRegen  0.10/turn              (no ring)

@: brilliant
A: permanent stasis, dig shafts and tunnels, four strong arms, antennae 3
a: Dig, Shaft Self, Depart the Abyss, Renounce Religion


You were on level 2 of the Dungeon.
You worshipped Lugonu.
Lugonu was aware of your devotion.
You were not hungry.

You visited 1 branch of the dungeon, and saw 2 of its levels.
You visited the Abyss 1 time.

You collected 71 gold pieces.

Inventory:

Hand Weapons
 a - a +1 hand axe (weapon)
Missiles
 k - 2 javelins (quivered)
Armour
 b - a +0 leather armour (worn)
Jewellery
 f - a +4 ring of strength (left hand)
 h - an uncursed ring of fire
Scrolls
 d - a scroll of fog {unknown}
 e - 3 scrolls of remove curse {unknown}
 g - 3 scrolls of identify {unknown}
 i - 2 scrolls of teleportation {unknown}
 m - a scroll of random uselessness {unknown}
 o - a scroll of enchant armour {unknown}
Potions
 l - a potion of berserk rage
Comestibles
 c - 5 rations


   Skills:
 - Level 3.2 Fighting
 * Level 3.4 Axes
 + Level 3.0 Armour
 - Level 0.8 Dodging
 - Level 2.7 Invocations


You had 3 spell levels left.
You didn't know any spells.
Your spell library was empty.

Dungeon Overview and Level Annotations

Branches:
Dungeon (2/15)

Altars:
Dithmenos

Annotations:
D:2 Natasha


Innate Abilities, Weirdness & Mutations

You cannot be hasted, slowed, berserked, paralysed or teleported.
You can dig through walls and to a lower floor.
Your four strong arms can wield two-handed weapons with a shield.
You have a pair of large antennae on your head. (SInv)


Message History

You closely miss Natasha. You slash the crimson imp!
The shadow imp closely misses you. The crimson imp closely misses you.
Natasha claws you but does no damage.
You hit Natasha.
Natasha is heavily wounded.
You barely miss the shadow imp. You barely miss the crimson imp.
The shadow imp closely misses you. The crimson imp barely misses you.
Natasha barely misses you.
You barely miss Natasha.
Natasha is heavily wounded.
You closely miss the crimson imp.
You hit the shadow imp but do no damage.
The shadow imp closely misses you. The crimson imp barely misses you.
Natasha closely misses you.
You closely miss Natasha.
Natasha is heavily wounded.
You closely miss the shadow imp. You miss the crimson imp.
The shadow imp closely misses you. The crimson imp closely misses you.
Natasha claws you!
You die...

##.....#......## #.............#.
#.....###.....# #...............
#.##..###..##.####............[..
#.###..#..###.#..................
#..##.....##.....................
....................###...#....#.
.##.........##......###...#+..##
# ##..._...####55h...........##
.##.........##..@###..........#
.................# #.....รท.#.##
#..##.....##..(..# #...{.(####{
..# #..#..###....##......## ..
#..###..##....##.......# . ....#
#........##........# ...#...
.........###..(..... .......
.........# #......... ####...
######### #........


You could see Natasha, a crimson imp and a shadow imp.

Vanquished Creatures
  Natasha (D:2)
  An ooze (D:1)
  A worm (D:2)
  A dart slug (D:2)
  A leopard gecko (D:1)
  2 giant cockroaches (D:1)
  7 goblins
  2 hobgoblins (D:1)
  A ball python (D:1)
  A bat (D:2)
  4 frilled lizards
  3 kobolds
  3 rats
28 creatures vanquished.

Notes
Turn   | Place    | Note
-------+----------+-------------------------------------------
     0 | Abyss:1  | CabbageHands the Formicid Abyssal Knight began the quest
                  | for the Orb.
     0 | Abyss:1  | Reached XP level 1. HP: 18/18 MP: 2/2
    47 | Abyss:1  | Noticed a large abomination
    51 | D:1      | Escaped the Abyss
   102 | D:1      | Reached XP level 2. HP: 24/24 MP: 3/3
   338 | D:1      | Reached XP level 3. HP: 29/29 MP: 3/5
   425 | D:1      | Reached * piety under Lugonu
   857 | D:2      | Found a shadowy altar of Dithmenos.
  1039 | D:2      | Noticed Natasha
  1047 | D:2      | Killed Natasha
  1047 | D:2      | Reached XP level 4. HP: 9/35 MP: 6/6
  1298 | D:2      | Noticed Natasha
  1316 | D:2      | Slain by Natasha

Levels and vault maps discovered:
D:1:      psy_arrival_wood_between_worlds, layout_basic
D:2:      layout_basic, nicolae_dithmenos_shadow_blocks, tso_metal_star,
          makhleb_grotto_becter, mrwooster_statue_mirror,
          minmay_fractal_squares_gapless_5, uniq_natasha

Skill      XL: |  1  2  3 |
---------------+----------+-----
Axes           | 3 |  3.4
Armour         | 3 |  3.0
Fighting       | |  3.2
Dodging        | |  0.8
Invocations    | |  2.7

Action                   |  1- 3 |  4- 6 || total
-------------------------+-------+-------++-------
Melee: Hand axe          |    84 |    10 ||    94
Throw: Javelin           |     5 |     1 ||     6
Invok: Depart the Abyss  |     1 |       ||     1
  Use: Potion            |       |     2 ||     2
  Eat: Chunk             |       |     1 ||     1
Armor: Leather armour    |    20 |     2 ||    22
Dodge: Dodged            |    43 |    12 ||    55
